 Dungeon Crawl Stone Soup version 0.31-a0-618-g7ca08c1ff9 (webtiles) character file.

Game seed: 17595383268248605070

209 thirtiethelement the Chopper (level 5, -3/40 HPs)
             Began as a Demonspawn Gladiator on Aug 23, 2023.
             Slain by Grinder (5 damage)
             ... while paralysed by Grinder
             ... on level 3 of the Dungeon.
             The game lasted 00:04:58 (1661 turns).

thirtiethelement the Chopper (Demonspawn Gladiator) Turns: 1661, Time: 00:04:59

Health: -3/40      AC:  4    Str: 16 (17) XL:     5   Next: 55%
Magic:  5/5        EV:  2    Int:  7 (9)  God:
Gold:   32         SH:  0    Dex: 16 (18) Spells: 4/4 levels left

rFire   . . .        a - +0 war axe
rCold   . . .        m - +0 buckler
rNeg    . . .        b - +0 leather armour
rPois   .            c - +0 helmet
rElec   .            (no cloak)
rCorr   .            (no gloves)
SInv    .            (no boots)
Will    .....        (no amulet)
Stlth   ++++         (no ring)
HPRegen 0.26/turn    (no ring)
MPRegen 0.09/turn

%: no passive effects
@: paralysed, invisible
A: thin skeletal structure 2, spiny 1
a: no special abilities


You were on level 3 of the Dungeon.
You visited 1 branch of the dungeon, and saw 3 of its levels.

You collected 126 gold pieces.
You spent 94 gold pieces at shops.

Inventory:

Hand Weapons
 a - a +0 war axe (weapon)
 h - a +0 short sword
 k - a +0 dagger
Missiles
 e - a javelin
Armour
 b - a +0 leather armour (worn)
 c - a +0 helmet (worn)
 m - a +0 buckler (worn)
Wands
 n - a wand of flame (24)
Scrolls
 f - 2 scrolls of immolation {unknown}
 i - a scroll of fog {unknown}
 p - 4 scrolls of identify {unknown}
 q - a scroll of poison {unknown}
Potions
 l - 2 potions of resistance {unknown}
 o - a potion of lignification {unknown}


   Skills:
 + Level 2.8 Fighting
 + Level 4.2 Axes
 + Level 1.9 Throwing
 + Level 1.6 Armour
 + Level 3.0 Dodging
 + Level 2.1 Stealth


You had 4 spell levels left.
You didn't know any spells.
Your spell library was empty.

Dungeon Overview and Level Annotations

Branches:
Dungeon (3/15)

Altars:

Shops:
D:2 ![((

Annotations:
D:3 Grinder


Innate Abilities, Weirdness & Mutations

You have a moderately thin skeletal structure. (Dex +4, Stealth++)
You are partially covered in sharp spines.


Message History

Grinder gestures at you.
You suddenly lose the ability to move!
Grinder hits you but does no damage. Grinder gestures at you.
You shrug off the repeated paralysis!
Grinder is struck by your spines. Grinder hits you!
You writhe in agony.
You can move again.
You hit Grinder.
Grinder is moderately wounded.
Grinder gestures at you. Pain shoots through your body!
You slash Grinder!
Grinder is heavily wounded.
Grinder hits you.
You writhe in agony.
Grinder says, "Wait up."
Grinder is struck by your spines. Grinder hits you!
* * * LOW HITPOINT WARNING * * *
You writhe in agony.
* * * LOW HITPOINT WARNING * * *
Grinder attacks as she pursues you! Grinder misses you.
It was a potion of degeneration.
There was something very wrong with that liquid.
You feel weakened.
You feel dopey.
You feel clumsy. Grinder hits you.
* * * LOW HITPOINT WARNING * * *
It was a potion of invisibility.
You fade into invisibility!
Grinder is struck by your spines. Grinder completely misses you.
You hit Grinder.
Grinder is severely wounded.
Grinder blinks!
You slash Grinder!
Grinder is almost dead.
Grinder gestures at you.
You suddenly lose the ability to move!
Grinder hits you.
* * * LOW HITPOINT WARNING * * *
Grinder is struck by your spines. Grinder hits you.
You die...
Grinder says, "Now the real fun starts!"

### ..# #.# #.# #.#
#.###.##########
#.....@5...†...#
#####.########.#
#.# #.# #(# #.# #<#
#.#
##.####.########.#
.........5...<...#
###############...#
#.##.#


You could see Grinder (unable to see you).

Vanquished Creatures
  Sigmund (D:2)
  An adder (D:2)
  A ball python (D:3)
  3 bats (D:1)
  2 endoplasms
  A giant cockroach (D:2)
  3 goblins
  A hobgoblin (D:1)
  4 kobolds
  4 quokkas
  A frilled lizard (D:2)
  3 rats (D:2)
25 creatures vanquished.

Notes
Turn   | Place    | Note
-------+----------+-------------------------------------------
     0 | D:1      | thirtiethelement the Demonspawn Gladiator began the quest
                  | for the Orb.
     0 | D:1      | Reached XP level 1. HP: 16/16 MP: 1/1
   302 | D:1      | Reached skill level 3 in Axes
   308 | D:1      | Gained mutation: You have a somewhat thin skeletal
                  | structure. (Dex +2, Stealth+) [demonic ancestry]
   308 | D:1      | Reached XP level 2. HP: 17/22 MP: 2/2
   560 | D:2      | Found Hank's Weapon Shop.
   684 | D:2      | Gained mutation: You are partially covered in sharp spines.
                  | [demonic ancestry]
   684 | D:2      | Reached XP level 3. HP: 27/28 MP: 3/3
   693 | D:2      | Found Doinipa's Antique Weapon Emporium.
   717 | D:2      | Found Zeixtuj's Antique Armour Shoppe.
   728 | D:2      | Bought a buckler for 94 gold pieces
  1028 | D:2      | Found Saliech's Distillery.
  1040 | D:2      | Noticed Sigmund
  1060 | D:2      | Killed Sigmund
  1061 | D:2      | Reached skill level 4 in Axes
  1061 | D:2      | Reached skill level 1 in Armour
  1061 | D:2      | Gained mutation: You have a moderately thin skeletal
                  | structure. (Dex +4, Stealth++) [demonic ancestry]
  1061 | D:2      | Reached XP level 4. HP: 17/34 MP: 4/4
  1061 | D:2      | Reached XP level 5. HP: 20/40 MP: 5/5
  1378 | D:3      | Noticed Grinder
  1534 | D:3      | Paralysed by Grinder for 2 turns
  1643 | D:3      | Paralysed by Grinder for 4 turns
  1659 | D:3      | Paralysed by Grinder for 5 turns
  1660 | D:3      | HP: 1/40 [Grinder (6)]
  1661 | D:3      | Slain by Grinder

Illustrated notes

Levels and vault maps discovered:
D:1:      dpeg_arrival_rhombi, layout_basic
D:2:      layout_loops_ring, serial_shops, nicolae_shop_rolling_square,
          nicolae_shop_tiny_statue_garden, shop, nicolae_shop_hallway_plus,
          uniq_sigmund
D:3:      layout_loops_ring, lemuel_round_altar, nicolae_overflow_hidden_temple,
          uniq_grinder

Skill      XL: |  1  2  3 |
---------------+----------+-----
Axes           | 3 4 |  4.2
Armour         | 1 |  1.6
Dodging        | 3 |  3.0
Stealth        | 2 |  2.1
Fighting       | |  2.8
Throwing       | |  1.9

Action                     |  1- 3 |  4- 6 || total
---------------------------+-------+-------++-------
  Melee: War axe           |    44 |    13 ||    57
         Short sword       |     8 |       ||     8
         Dagger            |     7 |       ||     7
  Throw: Throwing net      |     3 |     4 ||     7
    Use: Potion            |       |     2 ||     2
   Stab: Sleeping          |     8 |     2 ||    10
         Held in net/web   |       |     1 ||     1
 Armour: Leather armour    |     8 |     1 ||     9
  Dodge: Dodged            |    34 |     5 ||    39
  Block: Buckler           |     1 |     1 ||     2

Table legend: (Time is in decaauts)
 A = Elapsed time spent in this place.
 B = Non-inter-level travel time spent in this place.
 C = Inter-level travel time spent in this place.
 D = Time resting spent in this place.
 E = Time spent auto-exploring this place.
 F = Levels seen in this place.
 G = Mean time per level.
                   A        B        C        D        E       F      G
               +--------+--------+--------+--------+--------+-----+--------+
         Total |   1680 |   1646 |     34 |    198 |   1130 |   3 |  560.0 |
       Dungeon |   1680 |   1646 |     34 |    198 |   1130 |   3 |  560.0 |
               +--------+--------+--------+--------+--------+-----+--------+

Top non-repeatable levels by time:
     D:2: 1015 daAuts
     D:1: 567 daAuts
     D:3: 97 daAuts
